[Event "6 festival Ancona"]
[Site "Sarnano"]
[Date "2021.09.06"]
[Round "?"]
[White "Perogio, Lorenzo"]
[Black "Ruggeri, Pietro"]
[Result "1-0"]
[ECO "A07"]
[WhiteElo "1862"]
[BlackElo "1934"]
[Annotator "Perogio,Lorenzo"]
[PlyCount "91"]
[EventDate "21.09.05"]
[EventType "tourn"]
[EventRounds "5"]
[EventCountry "ITA"]
[EventCategory "1"]
[TimeControl "900+10"]

{600MB, Hiarcs12.ctg, Marvin} 1. Nf3 Nf6 2. g3 d5 3. Bg2 Bg4 4. h3 (4. Ne5)
4... Bh5 5. O-O Nbd7 6. d4 e6 7. Nbd2 Bd6 8. c4 c6 9. b3 O-O 10. Bb2 Ne4 11.
Nxe4 dxe4 12. Ne5 Nxe5 13. dxe5 Bc5 14. Bxe4 Qxd1 15. Rfxd1 Bxe2 16. Rd2 Bh5
17. g4 Bg6 18. Bxg6 fxg6 $6 19. Rad1 Rf7 20. Rd8+ Rxd8 21. Rxd8+ Rf8 22. Rxf8+
Kxf8 23. Bc3 Ba3 24. Kg2 Ke7 25. f4 Kd7 26. Kf3 Be7 27. Ke4 Ke8 28. b4 b5 29.
cxb5 cxb5 30. a3 Kd7 31. Bd4 a5 $2 32. bxa5 Bxa3 33. a6 Kc6 34. a7 Kb7 35. f5
gxf5+ 36. gxf5 Bf8 37. fxe6 Be7 38. Kd5 b4 39. Kc4 h5 40. Bf2 g5 41. Be1 h4 42.
Bxb4 g4 43. Bxe7 gxh3 44. Bxh4 h2 45. a8=Q+ Kxa8 46. e7 1-0